 Dungeon Crawl Stone Soup version 0.23-a0-494-g91793a9 (webtiles) character file.

146 zishaf the Digger (level 5, -1/39 HPs)
             Began as a Formicid Earth Elementalist on Dec 3, 2018.
             Shot with an arrow by a centaur (13 damage)
             ... on level 2 of the Dungeon.
             The game lasted 00:04:58 (2611 turns).

zishaf the Digger (Formicid Earth Elementalist)     Turns: 2611, Time: 00:04:59

Health: -1/39      AC:  5    Str: 13    XL:     5   Next: 53%
Magic:  8/8        EV: 11    Int: 15    God:
Gold:   95         SH:  0    Dex: 11    Spells: 7/8 levels left

rFire    . . .     SeeInvis +   q - +0 spear (venom)
rCold    . . .     Gourm    +   (no shield)
rNeg     . . .     Faith    .   m - +0 ring mail
rPois    .         Spirit   .   (helmet unavailable)
rElec    .         Reflect  .   (no cloak)
rCorr    .         Harm     .   (no gloves)
MR       .....                  (no boots)
Stlth    +.........             n - amulet of the gourmand
HPRegen  0.13/turn              (no ring)
MPRegen  0.11/turn              (no ring)

@: no status effects
A: permanent stasis, dig shafts and tunnels, four strong arms, antennae 3
a: Dig, Shaft Self


You were on level 2 of the Dungeon.
You were not hungry.

You visited 1 branch of the dungeon, and saw 2 of its levels.

You collected 95 gold pieces.

Inventory:

Hand Weapons
 a - a +0 hand axe
 q - a +0 spear of venom (weapon)
Missiles
 b - 25 stones (quivered)
 o - 4 curare-tipped needles
 r - 17 poisoned needles
Armour
 h - a +0 leather armour
 m - a +0 ring mail (worn)
Jewellery
 n - an amulet of the gourmand (around neck)
Scrolls
 e - a scroll of enchant weapon {unknown}
 j - a scroll of identify {unknown}
 k - a scroll of teleportation {unknown}
 l - a scroll of remove curse {unknown}
Potions
 c - a potion of flight {unknown}
 f - a potion of agility {unknown}
 g - a potion of degeneration {unknown}
 i - a potion of invisibility {unknown}
Comestibles
 d - 6 rations


   Skills:
 + Level 2.5 Fighting
 + Level 2.6 Armour
 + Level 3.0 Dodging
 - Level 2.5 Stealth
 - Level 2.2 Spellcasting
   Level 1.1 Transmutations
 - Level 4.0 Earth Magic


You had 7 spell levels left.
You knew the following spells:

 Your Spells              Type           Power        Failure   Level  Hunger
a - Sandblast             Erth           ##....       9%          1    #......

Your spell library contained the following spells:

 Spells                   Type           Power        Failure   Level  Hunger
 Passwall                 Tmut/Erth      #.......     24%         2    ###....
 Stone Arrow              Conj/Erth      #.....       52%         3    ###....
 Petrify                  Tmut/Erth      #.......     83%         4    #####..
 Lee's Rapid Deconstruct  Erth           ##........   94%         5    ######.


Dungeon Overview and Level Annotations

Branches:
Dungeon (2/15)

Altars:
Makhleb


Innate Abilities, Weirdness & Mutations

You cannot be hasted, slowed, berserked, paralysed or teleported.
You can dig through walls and to a lower floor.
Your four strong arms can wield two-handed weapons with a shield.
You have a pair of large antennae on your head. (SInv)


Message History

There is an open door here.
Eating one of 2 chunks of flesh.
You eat one of the 2 chunks of flesh.
This raw flesh is not very appetising.
That was not very filling.
Eating a chunk of flesh.
You eat the chunk of flesh.
This raw flesh is not very appetising.
That was not very filling.
Found 19 arrows.
Found a burning altar of Makhleb.
r - 17 poisoned needles (gained 11) No target in view!
The centaur is too close now for your liking.
The centaur shouts!
The centaur shoots an arrow.
The arrow misses you.
The centaur shoots an arrow.
The arrow hits you!
You see here an arrow.
The centaur shoots an arrow.
The arrow hits you.
You see here an arrow.
The centaur shoots an arrow.
The arrow hits you.
The centaur shoots an arrow.
The arrow hits you!
You see here 2 arrows.
The centaur shoots an arrow.
The arrow hits you!
You die...

....................#.....)...
..............<.....#.##......
....................#..#......
########............##.#...#..
#............##.)##....
#....c.......###.##.#..
####..........# #.##.#..
.............## #.##.#..
.......@.....####..#.###
......_(..............#.
.......(..............#.
........(...............
........#(.............(
........#...............
........................
........................
..................##....


You could see a centaur.

Vanquished Creatures
  A bullfrog (D:2)
  3 gnolls
  A worm (D:2)
  2 dart slugs
  3 leopard geckos
  7 goblins
  3 hobgoblins (D:1)
  7 jackals (D:1)
  A quokka (D:2)
  2 ball pythons (D:1)
  2 bats
  A frilled lizard (D:1)
  4 kobolds
  2 rats (D:1)
39 creatures vanquished.

Notes
Turn   | Place    | Note
-------+----------+-------------------------------------------
     0 | D:1      | zishaf the Formicid Earth Elementalist began the quest for
                  | the Orb.
     0 | D:1      | Reached XP level 1. HP: 13/13 MP: 3/3
   373 | D:1      | Reached XP level 2. HP: 14/19 MP: 1/5
   818 | D:1      | Reached XP level 3. HP: 18/25 MP: 1/6
   824 | D:1      | Reached skill level 4 in Earth Magic
   847 | D:1      | Reached skill level 1 in Fighting
   847 | D:1      | Reached skill level 1 in Armour
  1725 | D:2      | Noticed a centaur
  1942 | D:2      | Noticed a bullfrog
  1953 | D:2      | Killed a bullfrog
  1953 | D:2      | Reached XP level 4. HP: 13/33 MP: 1/7
  1953 | D:2      | Reached XP level 5. HP: 15/38 MP: 1/8
  2600 | D:2      | Found a burning altar of Makhleb.
  2611 | D:2      | Shot with an arrow by a centaur

Vault maps used:
D:1:      psy_arrival_radial01, serial_rivers, chequers_serial_rivers_large_a,
          chequers_serial_rivers_small_a, chequers_serial_rivers_micro_c,
          chequers_serial_rivers_micro_a, chequers_serial_rivers_small_b,
          chequers_serial_rivers_micro_c, chequers_jeans
D:2:      first_ration, bloody_makhleb

Skill      XL: |  1  2  3  4  5 |
---------------+----------------+-----
Dodging        | 2 3 |  3.0
Earth Magic    | 4 |  4.0
Fighting       | 2 |  2.5
Armour         | 2 |  2.6
Stealth        | |  2.5
Spellcasting   | |  2.2
Transmutations | |  1.1

Action                   |  1- 3 |  4- 6 || total
-------------------------+-------+-------++-------
Melee: Hand axe          |    71 |     2 ||    73
       Unarmed           |     2 |       ||     2
 Cast: Sandblast         |    29 |    12 ||    41
 Stab: Sleeping          |     2 |       ||     2
  Eat: Chunk             |     3 |     5 ||     8
Armor: Robe              |     4 |       ||     4
       Leather armour    |    17 |       ||    17
       Ring mail         |     8 |     5 ||    13
Dodge: Dodged            |    76 |    10 ||    86

Table legend:
 A = Non-vault XP
 B = Vault XP
 C = Vault XP percentage of total XP
 D = Non-vault monster count
 E = Vault monster count
 F = Vault count percentage of total count
                 A         B        C        D         E       F
            +---------+---------+-------+---------+---------+-------
      Total |     209 |       0 |   0.0 |      39 |       0 |   0.0
            +---------+---------+-------+---------+---------+-------
        D:1 |      64 |       0 |   0.0 |      28 |       0 |   0.0
        D:2 |     145 |       0 |   0.0 |      11 |       0 |   0.0
            +---------+---------+-------+---------+---------+-------
